 Dungeon Crawl Stone Soup version 0.31-a0-4-gefa6de2278 (webtiles) character file.

Game seed: 3216986743828949568

20605 Ahpoh the Carver (level 12, -6/97 HPs)
             Began as a Vine Stalker Monk on May 3, 2023.
             Was an Elder of Trog.
             Mangled by a demonic crawler (13 damage)
             ... on level 13 of the Dungeon on May 4, 2023.
             The game lasted 00:49:18 (12137 turns).

Ahpoh the Carver (Vine Stalker Monk)               Turns: 12137, Time: 00:49:19

Health: -6/97      AC: 16    Str: 19    XL:     12   Next: 81%
Magic:  0/14       EV: 17    Int:  9    God:    Trog [****..]
Gold:   653        SH:  5    Dex: 26    Spells: 11/11 levels left

rFire   . . .        V - +3 great sword
rCold   + + .        (shield currently unavailable)
rNeg    . . .        B - +0 chain mail
rPois   .            D - +0 helmet
rElec   .            (no cloak)
rCorr   +            T - +2 pair of gloves
SInv    .            F - +0 pair of boots
Will    +....        R - amulet "Juimn" {Reflect rC+ rCorr SH+5} Stlth
                     I - +6 ring of dexterity
HPRegen 1.16/turn    y - +5 ring of evasion
MPRegen 0.14/turn

%: reflection, guardian spirit
@: berserking, quick
A: fangs 3, regeneration 1, magic shield, antimagic bite, no potion heal 2, cold
resistance 1, high MP 1, passive freeze, strong 1
a: Renounce Religion, Berserk, Trog's Hand, Brothers in Arms


You were on level 13 of the Dungeon.
You worshipped Trog.
Trog was greatly pleased with you.
You visited 2 branches of the dungeon, and saw 14 of its levels.
You also visited: Bailey.

You collected 734 gold pieces.
You spent 81 gold pieces at shops.

Inventory:

Hand Weapons
 V - a +3 great sword (weapon)
 X - a +1 scimitar of flaming
Missiles
 p - a throwing net (quivered)
Armour
 d - an orb of light
 B - a +0 chain mail (worn)
 D - a +0 helmet (worn)
 F - a +0 pair of boots (worn)
 T - a +2 pair of gloves (worn)
Jewellery
 f - a +6 ring of strength
 h - a ring of protection from cold
 k - an amulet of regeneration
 q - a ring of resist corrosion
 w - an amulet of magic regeneration
 y - a +5 ring of evasion (right hand)
 I - a +6 ring of dexterity (left hand)
 P - a +4 ring of protection
 Q - a +4 ring of protection
 R - the amulet "Juimn" (around neck) {Reflect rC+ rCorr SH+5}
   (You found it on level 11 of the Dungeon)

   [amulet of reflection]

   It reflects blocked missile attacks.
   rC:        It protects you from cold.
   rCorr:     It protects you from acid and corrosion.
   SH:        It affects your SH (+5).
Wands
 A - a wand of flame (8)
 G - a wand of mindburst (7)
 U - a wand of charming (5)
 W - a wand of iceblast (3)
Scrolls
 e - 3 scrolls of fear
 g - 5 scrolls of teleportation
 i - 2 scrolls of vulnerability
 l - 6 scrolls of enchant weapon
 n - 6 scrolls of poison
 s - 2 scrolls of butterflies
 u - 3 scrolls of fog {unknown}
 v - 7 scrolls of blinking
 x - 4 scrolls of magic mapping
 E - 5 scrolls of identify
 H - a scroll of acquirement
 J - a scroll of silence {unknown}
 K - 2 scrolls of immolation {unknown}
 O - 2 scrolls of enchant armour {unknown}
Potions
 a - 2 potions of brilliance {unknown}
 b - 2 potions of attraction {unknown}
 c - a potion of ambrosia
 j - 4 potions of haste
 m - 7 potions of curing
 o - 2 potions of mutation
 r - 3 potions of cancellation
 t - 2 potions of invisibility {unknown}
 z - a potion of berserk rage {unknown}
 L - a potion of resistance {unknown}
 N - a potion of magic {unknown}
 S - a potion of lignification {unknown}


   Skills:
 + Level 8.9 Fighting
 + Level 13.7 Long Blades
 + Level 7.9 Armour
 + Level 5.2 Dodging
 + Level 3.9 Stealth
 + Level 2.2 Shields
 + Level 1.5 Evocations


You had 11 spell levels left.
You didn't know any spells.
Your spell library contained the following spells:

 Spells                   Type           Power      Damage    Failure   Level
 Freeze                   Ice            0%         1d3       95%         1
 Poisonous Vapours        Pois/Air       0%         N/A       99%         2
 Frozen Ramparts          Ice            0%         1d1       100%        3
 Hailstorm                Conj/Ice       0%         3d3       100%        3
 Inner Flame              Hex/Fire       0%         N/A       100%        3
 Mephitic Cloud           Conj/Pois/Air  0%         N/A       100%        3
 Flame Wave               Conj/Fire      0%         2d4       100%        4
 Sticky Flame             Conj/Fire      0%         2d3       100%        4
 Freezing Cloud           Conj/Ice/Air   0%         6-21      100%        5


Dungeon Overview and Level Annotations

Branches:
Dungeon (13/15)            Temple (1/1) D:4            Lair (0/5) D:8
    Orc (0/2) D:10         Bailey (visited)
 Vaults: D:13-14

Altars:
Ashenzari
Cheibriados
Dithmenos
Elyvilon
Fedhas
Gozag
Hepliaklqana
Kikubaaqudgha
Makhleb
Nemelex Xobeh
Okawaru
Qazlal
Ru
Sif Muna
Trog
Uskayaw
Vehumet
Wu Jian
Xom
Yredelemnul
Zin
The Shining One

Shops:
D:3 *


Innate Abilities, Weirdness & Mutations

You have razor-sharp teeth.
Your natural rate of healing is unusually fast.
When hurt, damage is shared between your health and your magic reserves.
Your bite disrupts and absorbs the magic of your enemies.
Potions cannot restore your health.
Your flesh is cold resistant. (rC+)
You have an increased reservoir of magic. (+10% MP)
A frigid envelope surrounds you and freezes all who hurt you.
Your muscles are strong. (Str +4, Int/Dex -1)


Message History

The demonic crawler is very cold.
The demonic crawler is moderately wounded.
The moth of wrath bites you but does no damage.
The moth of wrath is very cold.
The moth of wrath is severely wounded.
You barely miss the moth of wrath. You bite the moth of wrath.
You drain its power.
You feel invigorated.
The moth of wrath is severely wounded.
The demonic crawler hits you!!
The demonic crawler is very cold.
The demonic crawler is moderately wounded.
The demonic crawler misses you. The demonic crawler hits you!
* * * LOW HITPOINT WARNING * * *
The demonic crawler is very cold.
The demonic crawler is moderately wounded.
The demonic crawler barely misses you. The demonic crawler hits you!
* * * LOW HITPOINT WARNING * * *
The demonic crawler is very cold.
The demonic crawler is moderately wounded.
The demonic crawler hits you but does no damage.
The demonic crawler is very cold.
The demonic crawler is moderately wounded.
The moth of wrath closely misses you.
Your unstable footing causes you to fumble your attack.
The demonic crawler completely misses you.
The demonic crawler hits you.
* * * LOW HITPOINT WARNING * * *
The demonic crawler is very cold.
The demonic crawler is moderately wounded.
The demonic crawler hits you but does no damage.
The demonic crawler is very cold.
The demonic crawler is heavily wounded.
You slice the demonic crawler!!
The demonic crawler is almost dead.
The demonic crawler closely misses you. The demonic crawler misses you.
The demonic crawler closely misses you. The moth of wrath misses you.
You hit the demonic crawler.
The demonic crawler is almost dead.
The demonic crawler closely misses you. The demonic crawler barely misses you.
The demonic crawler hits you!
You die...

#..# #..~~###≈~.......#
#.^# #.~~##~##~~......#
###..#
#~~~#~~~#~~~###..#
.....######~≈##~~~##≈~#
#..#
...........~~#~~~|=#~~#
#..#
....#######~≈##~~:##≈~#
#..# ....# #~~~#~~~
~~~# #..# #.. ....#
#.~~##s##~~## #..# #..
....# #..~≈~@~≈~# #..#
#.. ....# #..~~~y~~~#
#..# #.. ....#
#...~~~~~.# #..# #..
>...# #.†..##...# #)†#
#.. ....# #...## ..##
#..####.. ....# #...#
..# #..)))... .(..#
#...# ..# #.)#####.
....# #...# ..# #..# #.
....# #...# #..# #.


You could see a demonic crawler (berserk) and a moth of wrath.

Vanquished Creatures
  Fannar (D:12)
  Erica (D:11)
  3 death knights (D:11)
  A centaur warrior (D:13)
  2 boulder beetles
  4 two-headed ogres
  Nergalle (D:10)
  2 deep elf pyromancers
  2 manticores
  An ugly thing (D:12)
  2 gargoyles
  An unseen horror (D:12)
  2 tengu conjurers (D:13)
  2 trolls
  A hornet (D:10)
  4 wyverns
  5 wraiths
  2 spriggans (Bailey)
  11 yaks
  7 vampire mosquitoes
  A steam dragon (D:8)
  2 swamp worms (D:13)
  Duvessa (D:4)
  2 acid dragons
  2 water moccasins
  4 orc warriors
  A sky beast (D:8)
  A black bear (D:5)
  An ice beast (D:7)
  4 ogres
  8 centaurs
  2 kobold brigands
  5 gnoll sergeants
  4 phantoms
  6 bullfrogs
  4 scorpions
  11 wights
  Dowan (D:4)
  5 killer bees
  7 howler monkeys
  3 jellies
  2 gnoll boudas
  6 orc priests
  A hound (D:6)
  A sleepcap (D:5)
  2 iguanas
  8 orc wizards
  35 gnolls
  8 adders
  A white imp (D:6)
  An ufetubus (D:6)
  A worm (D:4)
  3 dart slugs
  31 orcs
  4 ball pythons
  7 endoplasms
  3 giant cockroaches
  17 goblins
  12 hobgoblins
  5 jackals
  16 kobolds
  3 quokkas
  9 bats
  2 frilled lizards (D:1)
  7 rats
315 creatures vanquished.

Vanquished Creatures (others)
  4 plants (D:13)
4 creatures vanquished.

Grand Total: 319 creatures vanquished

Notes
Turn   | Place    | Note
-------+----------+-------------------------------------------
     0 | D:1      | Ahpoh the Vine Stalker Monk began the quest for the Orb.
     0 | D:1      | Reached XP level 1. HP: 11/11 MP: 2/2
    56 | D:1      | Reached XP level 2. HP: 13/16 MP: 3/3
   140 | D:1      | Reached skill level 3 in Long Blades
   329 | D:1      | Reached XP level 3. HP: 19/20 MP: 4/4
   718 | D:2      | Found a glowing silver altar of Zin.
  1221 | D:2      | Identified the +0 ring mail "Ocup" {Harm Will+ rCorr Str-2}
  1632 | D:3      | Gained mutation: Your natural rate of healing is unusually
                  | fast. [Vine Stalker growth]
  1632 | D:3      | Reached XP level 4. HP: 4/24 MP: 1/5
  1681 | D:3      | Noticed a kobold brigand
  1725 | D:3      | Gained mutation: Your flesh is cold resistant. (rC+)
                  | [potion of mutation]
  1725 | D:3      | Gained mutation: You have an increased reservoir of magic.
                  | (+10% MP) [potion of mutation]
  1725 | D:3      | Gained mutation: A frigid envelope surrounds you and
                  | freezes all who hurt you. [potion of mutation]
  1725 | D:3      | Gained mutation: Your muscles are strong. (Str +4, Int/Dex
                  | -1) [potion of mutation]
  1734 | D:3      | Killed a kobold brigand
  1735 | D:3      | Reached skill level 4 in Long Blades
  1735 | D:3      | Reached XP level 5. HP: 23/28 MP: 6/6
  1927 | D:3      | Found Loceurol's Assorted Antiques.
  1948 | D:3      | Reached skill level 1 in Stealth
  1958 | D:3      | Bought a scroll labelled IHUKIKHORE for 27 gold pieces
  1958 | D:3      | Bought a scroll of identify for 54 gold pieces
  2656 | D:4      | Noticed Duvessa
  2656 | D:4      | Noticed Dowan
  2726 | D:4      | Noticed a phantom
  2746 | D:4      | Killed a phantom
  2747 | D:4      | Reached XP level 6. HP: 32/32 MP: 7/7
  2884 | D:4      | Found a glowing silver altar of Zin.
  2987 | D:4      | Reached skill level 5 in Long Blades
  3211 | D:4      | Found a staircase to the Ecumenical Temple.
  3221 | Temple   | Entered the Ecumenical Temple
  3221 | Temple   | Found a transporter.
  3221 | Temple   | Found a transporter.
  3223 | Temple   | Found a transporter.
  3223 | Temple   | Found a transporter.
  3335 | Temple   | Became a worshipper of Trog the Wrathful
  3335 | Temple   | Reached * piety under Trog
  3335 | Temple   | Reached ** piety under Trog
  3397 | D:4      | Killed Duvessa
  3398 | D:4      | Reached XP level 7. HP: 37/37 MP: 6/8
  3400 | D:4      | Killed Dowan
  3401 | D:4      | Reached skill level 1 in Armour
  4030 | D:5      | Entered Level 5 of the Dungeon
  4157 | D:5      | Reached skill level 6 in Long Blades
  4246 | D:5      | Gained mutation: You have razor-sharp teeth. [Vine Stalker
                  | growth]
  4246 | D:5      | Reached XP level 8. HP: 34/42 MP: 5/9
  4561 | D:5      | Identified the +1 short sword of Mourning {venom, rElec
                  | rCorr Int-2 Dex+2}
  4576 | D:5      | Found a stormy altar of Qazlal.
  4851 | D:5      | Found a sacrificial altar of Ru.
  4865 | D:5      | Reached skill level 7 in Long Blades
  4971 | D:6      | Noticed a wyvern
  4989 | D:6      | Killed a wyvern
  5238 | D:6      | Reached skill level 5 in Fighting
  5243 | D:6      | Reached XP level 9. HP: 47/47 MP: 10/10
  5342 | D:6      | Found a white marble altar of Elyvilon.
  5437 | D:6      | Found a snail-covered altar of Cheibriados.
  5578 | D:7      | Reached *** piety under Trog
  5602 | D:6      | Reached skill level 8 in Long Blades
  5891 | D:6      | Found a hide-covered altar of Uskayaw.
  6130 | D:7      | Reached skill level 5 in Armour
  6201 | D:7      | Reached skill level 9 in Long Blades
  6588 | D:7      | Reached XP level 10. HP: 50/53 MP: 12/12
  6597 | D:7      | Identified a scroll of acquirement
  6686 | D:8      | Reached skill level 1 in Shields
  6782 | D:8      | Reached **** piety under Trog
  6861 | D:8      | Found a staircase to the Lair.
  7488 | D:9      | Reached skill level 10 in Long Blades
  7517 | D:9      | Noticed a two-headed ogre
  7658 | D:9      | Killed a two-headed ogre
  7701 | D:9      | Found a flagged portal.
  7722 | Bailey   | Entered a bailey
  7755 | Bailey   | Reached XP level 11. HP: 58/58 MP: 13/13
  7828 | Bailey   | Reached skill level 11 in Long Blades
  7870 | Bailey   | Noticed a two-headed ogre
  7875 | Bailey   | Killed a two-headed ogre
  7943 | Bailey   | Identified the +0 ice dragon scales of the Dice {Harm rF-
                  | rC++}
  7960 | Bailey   | Identified the +0 steam dragon scales "Urina" {rF++ Int-2
                  | Dex+5}
  8471 | D:10     | Entered Level 10 of the Dungeon
  8572 | D:10     | Found a radiant altar of Vehumet.
  8840 | D:10     | Found a staircase to the Orcish Mines.
  8912 | D:10     | Noticed Nergalle
  8931 | D:10     | Killed Nergalle
  9338 | D:11     | Identified the amulet "Juimn" {Reflect rC+ rCorr SH+5}
  9609 | D:11     | Noticed a two-headed ogre
  9637 | D:11     | Killed a two-headed ogre
  9638 | D:11     | Reached skill level 12 in Long Blades
  9638 | D:11     | Reached skill level 5 in Dodging
  9698 | D:11     | Noticed a death knight
  9699 | D:11     | Noticed Erica
  9704 | D:11     | Killed a death knight
  9858 | D:11     | Noticed a death knight
  9869 | D:11     | Killed a death knight
  9928 | D:11     | Noticed a death knight
  9930 | D:11     | Killed Erica
  9938 | D:11     | Killed a death knight
  9939 | D:11     | Reached XP level 12. HP: 20/65 MP: 6/14
 10482 | D:12     | Noticed Fannar
 10487 | D:12     | Killed Fannar
 11019 | D:12     | Reached skill level 13 in Long Blades
 11477 | D:12     | Noticed a boulder beetle
 11555 | D:12     | Killed a boulder beetle
 11751 | D:13     | Noticed a two-headed ogre
 11759 | D:13     | Killed a two-headed ogre
 11813 | D:13     | Reached skill level 1 in Evocations
 11960 | D:13     | Noticed a boulder beetle
 11968 | D:13     | Killed a boulder beetle
 12008 | D:13     | Noticed a centaur warrior
 12013 | D:13     | Killed a centaur warrior
 12137 | D:13     | Mangled by a demonic crawler

Illustrated notes

Levels and vault maps discovered:
D:1:      minmay_arrival_stone_box, layout_basic, serial_glass, glass_columns_a,
          glass_columns_a
D:2:      layout_basic, basic_altar, chequers_serial_rivers_micro_b,
          hangedman_decor_points
D:3:      cheibrodos_thug_alley, layout_loops_ring, serial_shops,
          nicolae_shop_stone
D:4:      layout_layer_cave, overflow_temple_1_default,
          minmay_temple_entry_slanted, uniq_duvessa
D:5:      lemuel_ice_spiral_2, layout_basic, mainiacjoe_overflow_tiny_flanked,
          nicolae_ru_great_annihilating_truth
D:6:      layout_rooms, mainiacjoe_overflow_alcove_4,
          mainiacjoe_overflow_catwalk, elyvilon_altar_3
D:7:      layout_basic, minivault_26
D:8:      layout_basic, lair_entry_dummy
D:9:      minmay_spotlight, layout_long_grid, enter_bailey_5
D:10:     layout_irregular_city, fiery_altar_vehumet, orc_0_dummy, uniq_nergalle
D:11:     cheibrodos_tormentor_scu, layout_basic, uniq_erica
D:12:     layout_basic, uniq_fannar
D:13:     layout_long_grid, worms_lemuel
Temple:   hellmonk_temple_divided_pantheon

Skill      XL: |  1  2  3  4  5  6  7  8  9 10 11 12 |
---------------+-------------------------------------+-----
Long Blades    | 3 4 5 6 7 9 10 12 13 | 13.7
Fighting       | 3 4 5 6 7 8 |  8.9
Dodging        | 3 4 5 |  5.2
Stealth        | 1 2 3 |  3.9
Armour         | 2 3 5 7 |  7.9
Shields        | 1 2 |  2.2
Evocations     | 1 |  1.5

Action                     |  1- 3 |  4- 6 |  7- 9 | 10-12 || total
---------------------------+-------+-------+-------+-------++-------
  Melee: Falchion          |    99 |    89 |   261 |    55 ||   504
         Bite              |    24 |    31 |   102 |   121 ||   278
         Great sword       |       |       |       |   272 ||   272
         Scimitar          |       |       |       |     1 ||     1
 Invoke: Berserk           |       |     1 |     5 |    12 ||    18
  Evoke: Wand              |       |       |       |     8 ||     8
    Use: Scroll            |     3 |     6 |     5 |     2 ||    16
         Potion            |       |     3 |       |       ||     3
   Stab: Paralysed         |       |       |     1 |       ||     1
 Armour: Robe              |    17 |     3 |       |       ||    20
         Scale mail        |       |    10 |       |       ||    10
         Chain mail        |       |       |    60 |   107 ||   167
  Dodge: Dodged            |    82 |    47 |   180 |   324 ||   633
  Block: Buckler           |       |       |    30 |     1 ||    31
         Other             |       |       |       |    30 ||    30
         Reflection        |       |       |       |     4 ||     4

Table legend: (Time is in decaauts)
 A = Elapsed time spent in this place.
 B = Non-inter-level travel time spent in this place.
 C = Inter-level travel time spent in this place.
 D = Time resting spent in this place.
 E = Time spent auto-exploring this place.
 F = Levels seen in this place.
 G = Mean time per level.
                   A        B        C        D        E       F      G
               +--------+--------+--------+--------+--------+-----+--------+
         Total |  12357 |  11948 |    409 |   1225 |   6494 |  15 |  823.8 |
       Dungeon |  11880 |  11471 |    409 |   1183 |   6434 |  13 |  913.8 |
        Temple |    130 |    130 |      0 |      0 |      6 |   1 |  130.0 |
        Bailey |    346 |    346 |      0 |     42 |     53 |   1 |  346.0 |
               +--------+--------+--------+--------+--------+-----+--------+

Top non-repeatable levels by time:
    D:12: 1272 daAuts
    D:11: 1199 daAuts
     D:4: 1199 daAuts
     D:3: 1121 daAuts
     D:5: 1034 daAuts
     D:2: 1004 daAuts
     D:8: 834 daAuts
    D:10: 829 daAuts
     D:6: 795 daAuts
     D:9: 750 daAuts
     D:7: 750 daAuts
     D:1: 626 daAuts
    D:13: 462 daAuts
  Bailey: 346 daAuts
  Temple: 130 daAuts
